 Dungeon Crawl Stone Soup version 0.26.0-10-g1f06aea511 (webtiles) character file.

Game seed: 13209073603924657360

20489 Dracia the Demolition Merfolk (level 12, -5/91 HPs)
             Began as a Merfolk Gladiator on Jan 22, 2021.
             Was an Elder of Makhleb.
             Slain by a komodo dragon (10 damage)
             ... while petrified by a basilisk
             ... on level 1 of the Lair of Beasts.
             The game lasted 00:27:49 (14329 turns).

Dracia the Demolition Merfolk (Merfolk Gladiator)  Turns: 14329, Time: 00:27:49

Health: -5/91      AC: 10    Str: 18    XL:     12   Next: 80%
Magic:  23/23      EV:  2    Int:  8    God:    Makhleb [****..]
Gold:   740        SH:  0    Dex: 16    Spells: 11/11 levels left

rFire    . . .     SeeInvis +   K - +5 trident (vorpal)
rCold    . . .     Faith    .   r - +0 buckler
rNeg     + + +     Spirit   .   f - +4 robe of the Tortoise {Stlth+}
rPois    ∞         Reflect  .   c - +0 helmet
rElec    .         Harm     .   y - scarf {repulsion}
rCorr    .         Rampage  .   i - +1 pair of gloves
Will     .....                  U - +0 pair of boots
Stlth    ++........             (no amulet)
HPRegen  0.25/turn              v - ring of see invisible
MPRegen  0.18/turn              (no ring)

@: petrified, repel missiles
A: change form in water, swift swim, stealthy swim
a: Renounce Religion, Minor Destruction, Lesser Servant of Makhleb, Major
Destruction


You were on level 1 of the Lair of Beasts.
You worshipped Makhleb.
Makhleb was greatly pleased with you.
You visited 3 branches of the dungeon, and saw 15 of its levels.
You also visited: Ossuary.

You collected 740 gold pieces.


   Skills:
 - Level 7.0 Fighting
 - Level 14.0 Polearms
 - Level 2.0 Throwing
 + Level 2.3 Armour
 - Level 10.0 Dodging
 - Level 4.0 Shields
 - Level 15.6 Invocations


You had 11 spell levels left.
You didn't know any spells.
Your spell library contained the following spells:

 Spells                   Type           Power        Failure   Level
 Corona                   Hex            0%           41%         1
 Ensorcelled Hibernation  Hex/Ice        0%           54%         2
 Confusing Touch          Hex            0%           78%         3
 Dazzling Flash           Conj/Hex       0%           78%         3
 Tukima's Dance           Hex            0%           78%         3

Inventory:

Hand Weapons
 K - a +5 vorpal trident (weapon)
Missiles
 d - 5 throwing nets {=f=f}
 F - 4 atropa-tipped darts
 I - 56 poisoned darts
 P - 4 curare-tipped darts {=f=f}
Armour
 c - a +0 helmet (worn)
 f - the +4 robe of the Tortoise (worn) {Stlth+}
   (You found it on level 9 of the Dungeon)

   It makes you more stealthy.
 i - a +1 pair of gloves (worn)
 l - a +0 ring mail
 p - a scarf of resistance
 r - a +0 buckler (worn)
 t - a +0 troll leather armour
 y - a scarf of repulsion (worn)
 U - a +0 pair of boots (worn)
Magical Staves
 N - an uncursed staff of air {!a!a, unknown}
Jewellery
 a - an uncursed amulet of reflection
 g - an uncursed amulet of regeneration
 v - a ring of see invisible (left hand)
 C - an uncursed ring of ice
 E - an uncursed amulet of magic regeneration
 G - an uncursed amulet of guardian spirit
Wands
 b - a wand of digging (4)
 B - a wand of disintegration (18)
 J - a wand of polymorph (11)
 Q - a wand of random effects (18)
Scrolls
 e - 3 scrolls of remove curse {@r2@r2}
 j - 6 scrolls of teleportation {@r4@r4}
 n - 2 scrolls of fear
 w - 5 scrolls of magic mapping
 A - 2 scrolls of enchant armour
 L - 2 scrolls of identify {@r1@r1}
 T - a scroll of blinking
Potions
 h - 2 potions of might
 k - 6 potions of flight
 m - 2 potions of mutation
 o - 7 potions of heal wounds {@q2@q2}
 q - a potion of attraction
 s - 2 potions of resistance
 u - 2 potions of invisibility
 x - 2 potions of haste {@q3@q3}
 z - 4 potions of curing {@q1@q1}
 D - a potion of magic
 H - a potion of lignification
 M - 3 potions of brilliance
 R - a potion of berserk rage {!q!q}
Miscellaneous
 O - a phantom mirror
 S - a box of beasts

Dungeon Overview and Level Annotations

Branches:
Dungeon (13/15)            Temple (1/1) D:6            Lair (1/6) D:10
    Orc (0/2) D:10        Ossuary (visited)
 Vaults: D:13-14

Altars:
Ashenzari
Cheibriados
Dithmenos
Elyvilon
Fedhas
Gozag
Hepliaklqana
Kikubaaqudgha
Makhleb
Nemelex Xobeh
Okawaru
Qazlal
Ru
Sif Muna
Trog
Uskayaw
Wu Jian
Xom
Yredelemnul
Zin
The Shining One

Annotations:
D:3 1 runed translucent door, dscm's ghost, weakling HOGl
D:5 2 transporters, sanka's ghost, weakling NaDe
D:13 Rupert

... ...
..................$ ...
.................... ...
....................
........................
........................
............$...$.......
.................l......
................@†......
... ......>.####P.P###P#
#.. ####.....# ##### #
#.....# #....## ##....#
#.....# ##....# #....#


You could see a komodo dragon.


Message History

* * * LOW HITPOINT WARNING * * *
You feel much better. The basilisk gazes at you. You resist with some effort.
You block the komodo dragon's attack.
You miss the basilisk.
The basilisk is heavily wounded.
The basilisk gazes at you.
You are slowing down.
You puncture the basilisk!
The basilisk is almost dead.
The komodo dragon bites you.
* * * LOW HITPOINT WARNING * * *
The basilisk bites you but does no damage.
You hit the basilisk but do no damage.
The basilisk is almost dead.
The komodo dragon barely misses you. The basilisk bites you!
* * * LOW HITPOINT WARNING * * *
Your limbs are stiffening.
Unknown command.
You puncture the basilisk!
You kill the basilisk!
Makhleb accepts your kill.
You feel better. The komodo dragon bites you!!
* * * LOW HITPOINT WARNING * * *
You have turned to stone.
The komodo dragon completely misses you.
The komodo dragon bites you.
* * * LOW HITPOINT WARNING * * *
The komodo dragon bites you!!
You die...

Skill      XL: |  1  2  3  4  5  6  7  8  9 10 11 12 |
---------------+-------------------------------------+-----
Polearms       | 5 6 8 9 10 12 14 | 14.0
Fighting       | 6 7 |  7.0
Dodging        | 8 10 | 10.0
Invocations    | 3 9 13 15 | 15.6
Shields        | 2 4 |  4.0
Armour         | 2 |  2.3
Throwing       | |  2.0

Action                   |  1- 3 |  4- 6 |  7- 9 | 10-12 || total
-------------------------+-------+-------+-------+-------++-------
Melee: Trident           |   110 |   198 |   750 |   932 ||  1990
       Tailslap          |       |       |     4 |       ||     4
       Spear             |       |       |       |    22 ||    22
Invok: Minor Destruction |       |       |       |    24 ||    24
       Lesser Servant of |       |       |       |     5 ||     5
       Major Destruction |       |       |       |     1 ||     1
  Use: Scroll            |     1 |     6 |    10 |    15 ||    32
       Potion            |       |       |       |     4 ||     4
 Stab: Sleeping          |       |     1 |       |     7 ||     8
       Distracted        |       |       |       |     3 ||     3
Armor: Leather armour    |    22 |    31 |       |       ||    53
       Ring mail         |       |    13 |   103 |    38 ||   154
       Robe              |       |       |       |    41 ||    41
       Troll leather arm |       |       |       |     1 ||     1
Dodge: Dodged            |    79 |   110 |   259 |   362 ||   810
       Repelled          |       |       |       |     2 ||     2
Block: Buckler           |       |       |    18 |   108 ||   126

Levels and vault maps discovered:
D:1:      zelgadis_glass_arrival_small, layout_basic, minmay_statues_item
D:2:      layout_basic, uniq_natasha
D:3:      layout_basic, nicolae_overflow_quartered_altars,
          chequers_ecumenical_altar_simple_redux, ebering_ghost_reflecting_pool,
          elyvilon_altar_4
D:4:      layout_loops_ring, dancing_weapons_uskayaw, gup_ossuary_entry_pyramid,
          kennysheep_windowed_goal, uniq_crazy_yiuf_cottage
D:5:      kennysheep_slugbush, layout_cave_pools, gammafunk_ghost_arena,
          kennysheep_donut, uniq_pikel
D:6:      layout_gridville, minmay_temple_entry_purple_smoke, uniq_edmund
D:7:      layout_basic, lemuel_coloured_pillars_altar, dk_xom_monty_hall
D:8:      layout_cave_pools, basic_altar, serial_park, serial_park_gazebo
          [serial_park_minivault_5x5_1], serial_park_square1
          [serial_park_minivault_5x5_1], serial_park_square2,
          serial_park_tiny_pond
D:9:      layout_cave_pools, kennysheep_potato, uniq_erolcha
D:10:     layout_loops_ring, lair_entry_dummy,
          kennysheep_orc_monster_closet_entryway
D:11:     layout_loops_ring, grunt_ministairs_15, laboratory, uniq_fannar
D:12:     layout_roguey, grunt_qazlal_clouds, uniq_kirke
D:13:     layout_cave_pools, lightli_vaults_fourway_checkpoint, serial_shops,
          shop, kennysheep_generic_room_5, uniq_rupert
Temple:   regret_index_temple_sphere_string
Lair:1:   layout_big_grid

Notes
Turn   | Place    | Note
-------+----------+-------------------------------------------
     0 | D:1      | Dracia the Merfolk Gladiator began the quest for the Orb.
     0 | D:1      | Reached XP level 1. HP: 16/16 MP: 1/1
    78 | D:1      | Reached skill level 5 in Polearms
   155 | D:1      | Reached XP level 2. HP: 20/22 MP: 2/2
   492 | D:1      | Reached skill level 6 in Polearms
   492 | D:1      | Reached XP level 3. HP: 18/27 MP: 3/3
  1331 | D:2      | Reached XP level 4. HP: 33/33 MP: 4/4
  1335 | D:2      | Reached skill level 7 in Polearms
  1492 | D:2      | Noticed Natasha
  1499 | D:2      | Killed Natasha
  1500 | D:2      | Reached skill level 8 in Polearms
  1500 | D:2      | Reached XP level 5. HP: 38/38 MP: 5/5
  1516 | D:2      | Noticed an ice beast
  1538 | D:2      | Killed an ice beast
  1539 | D:2      | Reached skill level 9 in Polearms
  1729 | D:2      | Reached XP level 6. HP: 44/44 MP: 6/6
  2030 | D:2      | Noticed Natasha
  2037 | D:2      | Killed Natasha
  2325 | D:2      | Identified a scarf of resistance (You found it on level 2
                  | of the Dungeon)
  2461 | D:3      | Found a faded altar of an unknown god.
  2698 | D:3      | Reached skill level 10 in Polearms
  2897 | D:3      | Found an iron altar of Okawaru.
  2897 | D:3      | Found a stormy altar of Qazlal.
  2898 | D:3      | Found a sacrificial altar of Ru.
  2915 | D:3      | Found a shadowy altar of Dithmenos.
  2928 | D:3      | Found a runed translucent door.
  2928 | D:3      | Noticed dscm's ghost (weakling HOGl)
  3119 | D:3      | Found a white marble altar of Elyvilon.
  3304 | D:4      | Reached XP level 7. HP: 47/50 MP: 5/7
  3331 | D:4      | Found a sand-covered staircase.
  3343 | D:4      | Reached skill level 11 in Polearms
  3346 | Ossuary  | Entered an ossuary
  3788 | Ossuary  | Reached skill level 12 in Polearms
  4002 | Ossuary  | Reached XP level 8. HP: 47/56 MP: 4/8
  4029 | Ossuary  | Reached skill level 13 in Polearms
  4463 | D:4      | Noticed a +0 hand axe
  4464 | D:4      | Noticed a +0 hand axe
  4467 | D:4      | Found a hide-covered altar of Uskayaw.
  4524 | D:4      | Reached skill level 14 in Polearms
  4858 | D:4      | Found a runed translucent door.
  4859 | D:4      | Noticed Crazy Yiuf
  4868 | D:4      | Killed Crazy Yiuf
  4952 | D:5      | Entered Level 5 of the Dungeon
  4957 | D:5      | Reached skill level 3 in Fighting
  5061 | D:5      | Noticed Pikel
  5099 | D:5      | Reached skill level 4 in Fighting
  5181 | D:5      | Killed Pikel
  5182 | D:5      | Reached skill level 6 in Fighting
  5182 | D:5      | Reached XP level 9. HP: 55/71 MP: 9/9
  5351 | D:5      | Reached skill level 7 in Fighting
  5593 | D:5      | Reached skill level 5 in Dodging
  5900 | D:5      | Noticed sanka's ghost (weakling NaDe)
  5901 | D:5      | Found a transporter.
  5902 | D:5      | Found a transporter.
  6259 | D:6      | Reached skill level 6 in Dodging
  6300 | D:6      | Found a staircase to the Ecumenical Temple.
  6490 | D:6      | Reached skill level 7 in Dodging
  6498 | Temple   | Entered the Ecumenical Temple
  6653 | Temple   | Became a worshipper of Makhleb the Destroyer
  7113 | D:6      | Noticed Edmund
  7130 | D:6      | Killed Edmund
  7131 | D:6      | Reached skill level 1 in Invocations
  7132 | D:6      | Identified 2 potions of resistance
  7307 | D:7      | Reached skill level 2 in Invocations
  7318 | D:7      | Reached skill level 1 in Shields
  7566 | D:7      | Found a hazy altar of Hepliaklqana.
  7788 | D:7      | Found a shimmering altar of Xom.
  7811 | D:7      | Reached skill level 8 in Dodging
  7887 | D:7      | Reached skill level 2 in Shields
  7982 | D:7      | Reached * piety under Makhleb
  7983 | D:7      | Reached skill level 3 in Invocations
  8487 | D:8      | Reached XP level 10. HP: 71/79 MP: 10/12
  8511 | D:8      | Reached skill level 3 in Shields
  8528 | D:8      | Reached skill level 4 in Invocations
  8560 | D:8      | Reached skill level 9 in Dodging
  8876 | D:8      | Reached ** piety under Makhleb
  8920 | D:8      | Reached skill level 4 in Shields
  9026 | D:8      | Found a stormy altar of Qazlal.
  9332 | D:9      | Reached skill level 5 in Invocations
  9337 | D:9      | Noticed Erolcha
  9362 | D:10     | Entered Level 10 of the Dungeon
  9761 | D:9      | Reached skill level 10 in Dodging
  9806 | D:9      | Reached skill level 6 in Invocations
  9961 | D:9      | Got a sheer robe
  9971 | D:9      | Identified the +4 robe of the Tortoise {Stlth+} (You found
                  | it on level 9 of the Dungeon)
 10101 | D:9      | Reached skill level 7 in Invocations
 10404 | D:10     | Killed Erolcha
 10405 | D:10     | Reached skill level 8 in Invocations
 10467 | D:10     | Found a staircase to the Orcish Mines.
 10481 | D:10     | Reached skill level 9 in Invocations
 10481 | D:10     | Reached XP level 11. HP: 44/84 MP: 9/17
 10549 | D:10     | Reached *** piety under Makhleb
 10693 | D:10     | Reached skill level 10 in Invocations
 10903 | D:10     | Found a staircase to the Lair.
 11605 | D:11     | Reached **** piety under Makhleb
 11606 | D:11     | Reached skill level 11 in Invocations
 11618 | D:11     | Noticed a four-headed hydra
 11630 | D:11     | Killed a four-headed hydra
 11797 | D:11     | Noticed a red ugly thing
 11831 | D:11     | HP: 4/84 [red ugly thing (10)]
 12364 | D:11     | Killed a red ugly thing
 12678 | D:11     | Noticed a wizard
 12684 | D:11     | Killed a wizard
 12690 | D:11     | Noticed a large abomination
 12690 | D:11     | Noticed a large abomination
 12706 | D:11     | Reached skill level 12 in Invocations
 12714 | D:11     | Killed a large abomination
 12917 | D:11     | Killed a large abomination
 13177 | D:11     | Noticed Fannar
 13199 | D:11     | Killed Fannar
 13200 | D:11     | Reached skill level 13 in Invocations
 13290 | D:12     | Reached XP level 12. HP: 91/91 MP: 21/21
 13441 | D:12     | Found a stormy altar of Qazlal.
 13517 | D:12     | Reached skill level 14 in Invocations
 13727 | D:12     | Noticed a boulder beetle
 13769 | D:12     | Killed a boulder beetle
 13915 | D:12     | Noticed a two-headed ogre
 13916 | D:12     | Noticed Kirke
 13928 | D:12     | Killed a two-headed ogre
 13929 | D:12     | Reached skill level 15 in Invocations
 13944 | D:12     | Killed Kirke
 13974 | D:13     | Noticed Rupert
 13974 | D:13     | Noticed a centaur warrior
 14034 | Lair:1   | Entered Level 1 of the Lair of Beasts
 14041 | Lair:1   | Reached skill level 1 in Armour
 14303 | Lair:1   | Reached skill level 2 in Armour
 14320 | Lair:1   | HP: 2/91 [komodo dragon (23)]
 14326 | Lair:1   | HP: 6/91 [komodo dragon (19)]
 14329 | Lair:1   | Slain by a komodo dragon

Vanquished Creatures
  Kirke (D:12)
  Erolcha (D:10)
  Fannar (D:11)
  A boulder beetle (D:12)
  A hydra (D:11)
  A two-headed ogre (D:12)
  5 large abominations (D:11)
  2 unseen horrors (D:12)
  A wizard (D:11)
  Pikel (D:5)
  An ugly thing (D:11)
  A black mamba (Lair:1)
  A cane toad (Lair:1)
  3 trolls
  A hornet (D:9)
  2 slime creatures (D:12)
  2 wyverns (D:8)
  7 yaks (D:12)
  A basilisk (Lair:1)
  A wraith (D:12)
  2 vampire mosquitoes (D:12)
  7 small abominations (D:11)
  2 water moccasins (Lair:1)
  Edmund (D:6)
  6 orc warriors
  2 ice beasts
  3 sky beasts
  3 black bears
  2 phantoms
  An eye of draining (D:9)
  8 ogres
  3 lemures (D:5)
  2 centaurs
  2 big kobolds
  3 elf zombies (Ossuary)
  9 bullfrogs
  6 gnoll sergeants (D:10)
  7 scorpions
  6 killer bees (D:12)
  6 wights
  7 howler monkeys
  2 bullfrog zombies
  7 centaur zombies
  A quasit (D:10)
  7 hounds
  Crazy Yiuf (D:4)
  5 jellies
  7 orc priests
  10 orc wizards
  4 centaur skeletons
  3 human zombies (Ossuary)
  A bullfrog skeleton (D:12)
  Natasha (twice) (D:2)
  9 worker ants
  A killer bee zombie (D:5)
  A hound zombie (D:8)
  4 mummies
  A worker ant zombie (D:6)
  A howler monkey zombie (D:7)
  3 gnolls (D:3)
  A howler monkey skeleton (D:8)
  11 adders
  A shadow imp (D:9)
  2 white imps
  An ufetubus (D:4)
  An ooze (D:2)
  2 adder skeletons
  A worm (D:4)
  12 dart slugs
  7 leopard geckos
  46 orcs
  9 bats
  8 giant cockroaches
  3 goblins
  13 hobgoblins
  2 iguanas
  10 jackals
  19 kobolds
  2 quokkas
  6 frilled lizards
  A leopard gecko skeleton (D:8)
  A leopard gecko zombie (D:5)
  7 rats
359 creatures vanquished.

Vanquished Creatures (collateral kills)
  A yak (D:12)
1 creature vanquished.

Grand Total: 360 creatures vanquished

Table legend: (Time is in decaauts)
 A = Elapsed time spent in this place.
 B = Non-inter-level travel time spent in this place.
 C = Inter-level travel time spent in this place.
 D = Time resting spent in this place.
 E = Time spent auto-exploring this place.
 F = Levels seen in this place.
 G = Mean time per level.
                   A        B        C        D        E       F      G
               +--------+--------+--------+--------+--------+-----+--------+
         Total |  13634 |  13107 |    527 |   2049 |   8481 |  16 |  852.1 |
       Dungeon |  12373 |  11868 |    505 |   1692 |   7877 |  13 |  951.8 |
        Temple |    177 |    155 |     22 |      0 |    151 |   1 |  177.0 |
          Lair |    279 |    279 |      0 |      0 |    172 |   1 |  279.0 |
       Ossuary |    803 |    803 |      0 |    357 |    281 |   1 |  803.0 |
               +--------+--------+--------+--------+--------+-----+--------+

Top non-repeatable levels by time:
    D:11: 1757 daAuts
     D:2: 1415 daAuts
     D:7: 1238 daAuts
     D:5: 1037 daAuts
    D:10: 1023 daAuts
     D:9: 1006 daAuts
     D:1: 928 daAuts
     D:3: 868 daAuts
     D:6: 854 daAuts
     D:4: 820 daAuts
 Ossuary: 803 daAuts
     D:8: 775 daAuts
    D:12: 644 daAuts
  Lair:1: 279 daAuts
  Temple: 177 daAuts

Table legend:
 A = Non-vault XP
 B = Vault XP
 C = Vault XP percentage of total XP
 D = Non-vault monster count
 E = Vault monster count
 F = Vault count percentage of total count
                 A         B        C        D         E       F
            +---------+---------+-------+---------+---------+-------
      Total |   17432 |   11838 |  40.4 |     287 |      70 |  19.6
            +---------+---------+-------+---------+---------+-------
        D:1 |      42 |       0 |   0.0 |      25 |       0 |   0.0
        D:2 |     301 |      35 |  10.4 |      24 |       1 |   4.0
        D:3 |     102 |       0 |   0.0 |      27 |       0 |   0.0
        D:4 |     500 |      64 |  11.3 |      14 |       3 |  17.6
        D:5 |     482 |     639 |  57.0 |      22 |       9 |  29.0
        D:6 |     567 |     149 |  20.8 |      15 |       1 |   6.2
        D:7 |     899 |      44 |   4.7 |      29 |       2 |   6.5
        D:8 |    1392 |       0 |   0.0 |      30 |       0 |   0.0
        D:9 |    1779 |     129 |   6.8 |      29 |       1 |   3.3
       D:10 |     985 |    3013 |  75.4 |      19 |      21 |  52.5
       D:11 |    1596 |    4825 |  75.1 |      10 |      16 |  61.5
       D:12 |    7169 |    2205 |  23.5 |      36 |       1 |   2.7
     Lair:1 |    1618 |       0 |   0.0 |       7 |       0 |   0.0
    Ossuary |       0 |     735 | 100.0 |       0 |      15 | 100.0
            +---------+---------+-------+---------+---------+-------
